 Dungeon Crawl Stone Soup version 0.19.0-9-gfd783f2 (console) character file.

277 Gottschkopf the Chiller (level 6, -12/32 HPs)
             Began as a Kobold Ice Elementalist on Nov 8, 2016.
             Killed by divine providence
             ... invoked by an orc priest
              (14 damage)
             ... on level 5 of the Dungeon.
             The game lasted 00:12:10 (3855 turns).

Gottschkopf the Chiller (Kobold Ice Elementalist)   Turns: 3855, Time: 00:12:11

Health: -12/32     AC:  8    Str:  5    XL:     6   Next: 51%
Magic:  5/11       EV: 15    Int: 18    God:
Gold:   222        SH:  0    Dex: 16    Spells: 4 memorised, 2 levels left

rFire  . . .     SeeInvis .     q - +2 quarterstaff (chaos)
rCold  . . .     Gourm    .     a - +0 robe
rNeg   . . .     Faith    .     (shield currently unavailable)
rPois  .         Spirit   .     (no helmet)
rElec  .         Reflect  .     k - +0 cloak
rCorr  .         Harm     .     i - +0 pair of gloves
MR     .....                    g - +0 pair of boots
Stlth  ++........               (no amulet)
                                (no ring)
                                t - +3 ring of protection

@: no status effects
A: carnivore 3
a: no special abilities


You were on level 5 of the Dungeon.
You were completely stuffed.

You visited 2 branches of the dungeon, and saw 6 of its levels.

You collected 222 gold pieces.

Inventory:

Hand Weapons
 e - a +0 dagger
 q - a +2 quarterstaff of chaos (weapon)
Armour
 a - a +0 robe (worn)
 g - a +0 pair of boots (worn)
 i - a +0 pair of gloves (worn)
 k - a +0 cloak (worn)
Jewellery
 t - a +3 ring of protection (left hand)
Wands
 o - a wand of digging (11/24)
Scrolls
 d - a scroll of amnesia {unknown}
 f - a scroll of enchant armour {unknown}
 j - 4 scrolls of remove curse
 l - 2 scrolls of random uselessness {unknown}
 m - 2 scrolls of identify {unknown}
 n - a scroll of fog {unknown}
 r - a scroll of teleportation {unknown}
Potions
 h - 4 potions of resistance {unknown}
 p - a potion of ambrosia {unknown}
Books
 b - a book of Frost

   Spells                             Type                      Level
   a - Freeze                         Ice                          1
   b - Throw Frost                    Conjuration/Ice              2
   c - Ozocubu's Armour               Charms/Ice                   3
   d - Throw Icicle                   Conjuration/Ice              4
   e - Summon Ice Beast               Ice/Summoning                4
Comestibles
 c - 2 meat rations
 s - a beef jerky


   Skills:
 - Level 2.4 Dodging
 - Level 2.6 Stealth
 - Level 3.6 Spellcasting
 - Level 2.0 Conjurations
 + Level 5.7 Ice Magic


You had 2 spell levels left.
You knew the following spells:

 Your Spells              Type           Power        Failure   Level  Hunger
a - Freeze                Ice            ###.         1%          1    None
b - Throw Frost           Conj/Ice       ###...       6%          2    ##.....
c - Ozocubu's Armour      Chrm/Ice       ##......     17%         3    ###....
d - Throw Icicle          Conj/Ice       ###.....     34%         4    ####...


Dungeon Overview and Level Annotations

Branches:
Dungeon (5/15)             Temple (1/1) D:4

Altars:
Ashenzari
Cheibriados
Elyvilon
Fedhas
Gozag
Makhleb
Nemelex Xobeh
Okawaru
Qazlal
Ru
Trog
Uskayaw
Yredelemnul
Zin
Lugonu

Annotations:
D:3 BoboWilliams's ghost, weakling MiBe
D:4 Ge0ff's ghost, amateur HuWr


Innate Abilities, Weirdness & Mutations

You are small and have problems with some larger weapons.
You are carnivorous and can eat meat at any time.


Message History

Pain shoots through your body!
* * * LOW HITPOINT WARNING * * *
Casting: Freeze
Confirm with . or Enter, or press ? or * to list all spells.
Aiming: Freeze
Press: ? - help, Shift-Dir - straight line, f/p - orc priest
Aim: an orc priest, wielding a flail (lightly wounded)
You freeze the orc priest.
The orc priest is heavily wounded.
The orc priest barely misses you. x2
Casting: Freeze
Confirm with . or Enter, or press ? or * to list all spells.
Aiming: Freeze
Press: ? - help, Shift-Dir - straight line, f/p - orc priest
Aim: an orc priest, wielding a flail (heavily wounded)
You freeze the orc priest.
You kill the orc priest!
The orc priest mumbles some strange prayers to Beogh against you.
Beogh smites you!
You die...

##......#'####
#....o.##.#..##
#....o##.(#...##
#..o.##...#....##
#...##....#.....##
#..##.....#......##
##o##......#.......#
#.)o......####.#####
###@#...#### #..#
#..#......####.#
#...###........#.####
#.### #.##.###.......
#. #..##...###.#### #
#..#####..##.# # #.#
#..#.###. #.
####.#..... #
#..........


You could see an orc priest and an orc.

Vanquished Creatures
  A howler monkey (D:4)
  2 orc priests (D:5)
  Crazy Yiuf (D:4)
  Ijyb (D:3)
  Natasha (twice) (D:4)
  2 adders
  2 worms
  An orc (D:4)
  5 bats
  6 giant cockroaches
  4 goblins (D:1)
  10 hobgoblins
  10 jackals
  6 kobolds
  A quokka (D:2)
  3 frilled lizards
  3 rats
60 creatures vanquished.

Notes
Turn   | Place    | Note
-------+----------+-------------------------------------------
     0 | D:1      | Gottschkopf the Kobold Ice Elementalist began the quest for the Orb.
     0 | D:1      | Reached XP level 1. HP: 10/10 MP: 3/3
     3 | D:1      | Noticed an electric eel
     3 | D:1      | Noticed an electric eel
   268 | D:1      | Reached XP level 2. HP: 15/15 MP: 3/5
   274 | D:1      | Learned a level 2 spell: Throw Frost
  1060 | D:2      | Reached XP level 3. HP: 19/19 MP: 5/7
  1069 | D:2      | Learned a level 3 spell: Ozocubu's Armour
  1461 | D:2      | Found a snail-covered altar of Cheibriados.
  1461 | D:2      | Found an opulent altar of Gozag.
  1467 | D:2      | Found a burning altar of Makhleb.
  2004 | D:3      | Noticed Ijyb
  2020 | D:3      | Reached XP level 4. HP: 21/24 MP: 6/9
  2191 | D:3      | Noticed BoboWilliams's ghost (weakling MiBe)
  2516 | D:3      | Killed Ijyb
  2635 | D:3      | Reached XP level 5. HP: 28/28 MP: 4/10
  2760 | D:4      | Noticed Ge0ff's ghost (amateur HuWr)
  2797 | D:4      | Found a runed door.
  2801 | D:4      | Noticed Crazy Yiuf
  2805 | D:4      | Killed Crazy Yiuf
  2805 | D:4      | Reached skill level 4 in Ice Magic
  2865 | D:4      | Learned a level 4 spell: Throw Icicle
  2996 | D:4      | Found a staircase to the Ecumenical Temple.
  3005 | Temple   | Entered the Ecumenical Temple
  3118 | D:4      | Noticed Natasha
  3129 | D:4      | Killed Natasha
  3129 | D:4      | Reached skill level 5 in Ice Magic
  3260 | D:4      | Reached XP level 6. HP: 32/32 MP: 5/11
  3374 | D:4      | Found a bloodstained altar of Trog.
  3482 | D:4      | Noticed Natasha
  3489 | D:4      | Killed Natasha
  3773 | D:5      | Entered Level 5 of the Dungeon
  3797 | D:5      | Found a shattered altar of Ashenzari.
  3853 | D:5      | HP: 1/32 [orc priest/nerve-wracking pain (6)]
  3855 | D:5      | Killed from afar by an orc priest

Skill      XL: |  1  2  3  4  5 |
---------------+----------------+-----
Spellcasting   | 3 |  3.6
Conjurations   | 2 |  2.0
Ice Magic      | 5 |  5.7
Dodging        | |  2.4
Stealth        | |  2.6

Action                   |  1- 3 |  4- 6 || total
-------------------------+-------+-------++-------
Melee: Unarmed           |     2 |       ||     2
       Dagger            |     7 |     4 ||    11
       Club              |     1 |       ||     1
       Quarterstaff      |       |     2 ||     2
 Cast: Freeze            |    58 |    52 ||   110
       Throw Frost       |     3 |     3 ||     6
       Ozocubu's Armour  |     1 |     3 ||     4
  Use: Scroll            |       |     1 ||     1
 Stab: Sleeping          |     2 |     1 ||     3
       Distracted        |       |     1 ||     1
  Eat: Chunk             |    11 |     7 ||    18
Armor: Robe              |    12 |     8 ||    20
Dodge: Dodged            |    31 |    34 ||    65
